 Dungeon Crawl Stone Soup version 0.31.0-9-g3a7656b989 (webtiles) character file.

Game seed: 17233561036689764233

5229 Sobieck the Mimic (level 10, 0/150 HPs)
             Began as a Troll Shapeshifter on Jan 24, 2024.
             Was a Plaything of Xom.
             Slain by Psyche
             ... wielding a +4 dagger of chaos
              (3 damage)
             ... on level 8 of the Dungeon.
             The game lasted 00:15:40 (6608 turns).

Sobieck the Mimic (Troll Shapeshifter)              Turns: 6608, Time: 00:15:40

Health: 0/150      AC:  4    Str: 28    XL:     10   Next: 35%
Magic:  9/9        EV: 13    Int:  6    God:    Xom [*.....]
Gold:   536        SH:  0    Dex:  9    Spells: 9/9 levels left

rFire   + .          .
                       - Unarmed
rCold   . . .        (shield currently unavailable)
rNeg    . . .        z - melded +0 robe {Will+}
rPois   .            (helmet restricted)
rElec   .            x - +1 cloak
rCorr   .            (gloves unavailable)
SInv    .            (boots unavailable)
Will    +....        r - amulet of regeneration Stlth
                     f - ring of protection from fire
HPRegen 2.05/turn    m - ring of willpower
MPRegen 0.11/turn

%: no passive effects
@: berserking (expiring), flux-form, glowing, very quick
A: glow, contaminating, large, unfitting armour, claws 3, regeneration 1, shaggy
fur 1, tough skin 1
a: Begin Untransformation, Renounce Religion


You were on level 8 of the Dungeon.
You worshipped Xom.
You were a special plaything of Xom.
You were something dangerously unstable.
You visited 1 branch of the dungeon, and saw 8 of its levels.

You collected 546 gold pieces.
You spent 10 gold pieces at shops.

Inventory:

Hand Weapons
 y - the +8 frozen axe "Frostbite" {freeze, freezing cloud, *Noise Fly rC+}
   (You found it on level 5 of the Dungeon)

   rC+:       It protects you from cold.
   Fly:       It grants you flight.
   *Noise:    It may make a loud noise when swung.
Missiles
 F - a curare-tipped dart
 Z - 2 throwing nets
Armour
 e - a +0 animal skin
 x - a +1 cloak (worn)
 z - a +0 robe of willpower (melded)
Magical Staves
 w - a staff of earth
Jewellery
 f - a ring of protection from fire (left claw)
 l - a +6 ring of intelligence
 m - a ring of willpower (right claw)
 o - a ring of poison resistance
 r - an amulet of regeneration (around neck)
 E - a ring of wizardry
Talismans
 d - a flux talisman (active)
 n - a blade talisman
Wands
 a - a wand of acid (2)
 D - a wand of digging (7)
 I - a wand of iceblast (23)
 V - a wand of flame (38) {god gift}
Scrolls
 h - a scroll of vulnerability {unknown}
 C - a scroll of poison
 G - a scroll of revelation
 R - a scroll of identify
 T - 5 scrolls of teleportation
Potions
 b - a potion of magic
 g - a potion of mutation
 p - 2 potions of cancellation
 q - a potion of might
 t - 2 potions of lignification
 A - a potion of invisibility
 B - a potion of brilliance
 H - 2 potions of haste
 Q - 3 potions of curing


   Skills:
 + Level 6.6 Fighting
 - Level 1.5 Dodging
 * Level 9.0 Unarmed Combat
 - Level 10.0 Shapeshifting


You had 9 spell levels left.
You didn't know any spells.
Your spell library contained the following spells:

 Spells                   Type           Power      Damage    Failure   Level
 Call Canine Familiar     Summ           0%         N/A       83%         3
 Dazzling Flash           Conj/Hex       0%         N/A       83%         3
 Fugue of the Fallen      Necr           0%         N/A       83%         3
 Inner Flame              Hex/Fire       0%         N/A       83%         3
 Mephitic Cloud           Conj/Alch/Air  0%         N/A       83%         3
 Ozocubu's Armour         Ice            0%         N/A       83%         3
 Sigil of Binding         Hex            0%         N/A       83%         3
 Dimensional Bullseye     Hex/Tloc       0%         N/A       99%         4
 Flame Wave               Conj/Fire      0%         2d4       99%         4
 Manifold Assault         Tloc           0%         N/A       99%         4
 Sticky Flame             Fire/Alch      0%         2d4       99%         4
 Curse of Agony           Necr           0%         N/A       100%        5
 Silence                  Hex/Air        0%         N/A       100%        5


Dungeon Overview and Level Annotations

Branches:
Dungeon (8/15)             Temple (0/1) D:7
   Lair: D:8-11

Altars:
Fedhas
Wu Jian
Xom

Shops:
D:1 !

Annotations:
D:6 exclusions: boulder beetle and 2 doors
D:8 Psyche


Innate Abilities, Weirdness & Mutations

You are something dangerously unstable.
You glow with magical radiation, making you easy to see and hit.
Foes you strike become dangerously contaminated with magical radiation.
You are incapable of wielding weapons or throwing items.
You are too large for most types of armour.
You have claws for hands.
Your natural rate of healing is unusually fast.
You are covered in fur. (AC +1)
You have tough skin. (AC +1)


Message History

You kill the orc priest!
The unseen horror simulacrum completely misses you.
Unknown command.
You barely miss the unseen horror simulacrum.
The unseen horror simulacrum hits you.
* * * LOW HITPOINT WARNING * * *
The unseen horror simulacrum freezes you!!
* * * LOW HITPOINT WARNING * * *
Psyche casts a spell.
Psyche flickers and vanishes!
Deactivating autopickup; reactivate with Ctrl-A.
Unknown command.
You mangle the unseen horror simulacrum!!
The unseen horror simulacrum begins to glow.
The unseen horror simulacrum is almost destroyed.
The unseen horror simulacrum misses you.
The unseen horror simulacrum hits you.
* * * LOW HITPOINT WARNING * * *
The unseen horror simulacrum freezes you!
* * * LOW HITPOINT WARNING * * *
Unknown command.
You scratch the unseen horror simulacrum.
The unseen horror simulacrum vaporises!
You hear some strange, mumbled words.
A swirling arc of seething chaos appears!
An arc of chaos appears from out of thin air!
The arc of chaos hits you!
Something tries to affect you, but you resist.
Your Unarmed Combat skill increases to level 9!
Unknown command.
Okay, then.
Okay, then.
You hear some strange, mumbled words.
A swirling arc of seething chaos appears!
An arc of chaos appears from out of thin air!
The arc of chaos hits you.
* * * LOW HITPOINT WARNING * * *
Unknown command.
Unknown command.
You are too berserk!
Unknown command.
You are too berserk!
Unknown command.
You feel a strong urge to attack something.
Unknown command.
You mangle something!!
Psyche begins to glow.
Psyche is severely wounded.
Psyche hits you with a +4 dagger of chaos.
You die...
Xom cackles wildly!

.... ##......
....?#.....# ...#..8..#
##.....# . ##.....# ..
##..?..## ... ####..###○#
...##....####Y#
######........@p..#
........##....###........
................#........
........##.@..#.#........
..............#.#........
........##.####.#.......#
....... #5# #.#######.#
...#######.# #.# .#
...........####.###


You could see Psyche (invisible, contam) and an ice beast.

Vanquished Creatures
  A two-headed ogre (D:8)
  A polar bear (D:8)
  A shadow (D:6)
  2 wraiths (D:6)
  2 unseen horror simulacra (D:8)
  Eustachio (D:6)
  Edmund (D:6)
  Duvessa (D:7)
  A water moccasin (D:7)
  An orc warrior (D:7)
  2 ice beasts (D:6)
  3 centaurs
  2 phantoms
  A kobold brigand (D:7)
  Blork the orc (D:4)
  3 bullfrogs
  3 scorpions
  A jelly (D:5)
  14 wights
  Dowan (D:7)
  2 howler monkeys
  9 hounds
  6 orc priests
  A bombardier beetle (D:3)
  A sleepcap (D:8)
  2 gnoll boudas
  3 iguanas
  7 orc wizards
  A mummy (D:4)
  11 gnolls
  8 adders
  A shadow imp (D:6)
  3 white imps
  5 ufetubi (D:6)
  4 dart slugs
  3 ribbon worms
  35 orcs
  6 ball pythons
  5 endoplasms
  3 giant cockroaches (D:1)
  8 goblins
  7 hobgoblins
  9 kobolds
  A bat (D:2)
  3 frilled lizards
  3 kobold zombies (D:4)
  An orc zombie (D:4)
  6 rats
197 creatures vanquished.

Notes
Turn   | Place    | Note
-------+----------+-------------------------------------------
     0 | D:1      | Sobieck the Troll Shapeshifter began the quest for the Orb.
     0 | D:1      | Reached XP level 1. HP: 18/18 MP: 0/0
    42 | D:1      | Reached skill level 1 in Fighting
   116 | D:1      | Reached XP level 2. HP: 27/27 MP: 1/1
   263 | D:1      | Found Pudghel's Distillery.
   274 | D:1      | Bought a potion of degeneration for 10 gold pieces
   676 | D:1      | Reached XP level 3. HP: 30/33 MP: 2/2
   747 | D:2      | Found a faded altar of an unknown god.
   760 | D:2      | Prayed at the altar of an unknown god.
   760 | D:2      | Became a worshipper of Xom the Random
   817 | D:2      | XOM: silly message
   889 | D:2      | XOM: cast spell 'Summon Ice Beast'
   919 | D:2      | Found a blossoming altar of Fedhas.
  1044 | D:2      | XOM: 3-stop teleportation journey
  1271 | D:2      | Reached XP level 4. HP: 41/41 MP: 3/3
  1483 | D:2      | XOM: divination: detect items
  1635 | D:3      | HP: 3/63 [poisoned by an orc]
  1703 | D:3      | XOM: potion effect (invisibility)
  1706 | D:3      | XOM: silly message
  1732 | D:3      | Reached XP level 5. HP: 33/49 MP: 4/4
  1826 | D:3      | XOM: noise
  1932 | D:3      | XOM: divination: magic mapping
  2367 | D:4      | XOM: potion effect (berserk rage)
  2374 | D:3      | Reached skill level 4 in Shapeshifting
  2410 | D:3      | Reached XP level 6. HP: 58/59 MP: 5/5
  2555 | D:3      | XOM: confuse monster(s)
  2585 | D:4      | Noticed Blork the orc
  2586 | D:4      | XOM: 1-stop teleportation journey
  2618 | D:4      | XOM: scenery: create altars
  2671 | D:4      | XOM: god gift: wand of flame (8) {god gift}
  2729 | D:4      | Reached skill level 3 in Fighting
  2744 | D:4      | Reached skill level 6 in Unarmed Combat
  2744 | D:4      | XOM: scenery: create altars
  2798 | D:4      | XOM: cleaving
  2801 | D:4      | Killed Blork the orc
  2802 | D:4      | Reached XP level 7. HP: 45/67 MP: 6/6
  3090 | D:5      | Entered Level 5 of the Dungeon
  3122 | D:5      | XOM: enchant monster (good)
  3178 | D:5      | XOM: potion effect (might)
  3272 | D:5      | Found the +8 frozen axe "Frostbite" {freeze, freezing
                  | cloud, *Noise Fly rC+}
  3330 | D:5      | Reached skill level 5 in Shapeshifting
  3560 | D:5      | Reached XP level 8. HP: 58/78 MP: 7/7
  3983 | D:6      | XOM: smoke on damage
  4009 | D:6      | Reached skill level 6 in Shapeshifting
  4119 | D:6      | Noticed Edmund
  4129 | D:6      | Killed Edmund
  4257 | D:6      | Reached skill level 7 in Shapeshifting
  4337 | D:6      | XOM: 1-stop teleportation journey
  4357 | D:6      | Noticed Eustachio
  4372 | D:6      | Killed Eustachio
  4373 | D:6      | Reached XP level 9. HP: 84/88 MP: 8/8
  4744 | D:6      | Noticed a boulder beetle
  4756 | D:6      | Reached skill level 6 in Fighting
  4796 | D:6      | XOM: cast spell 'Metabolic Englaciation'
  4902 | D:7      | XOM: 1-stop teleportation journey
  5010 | D:7      | XOM: divination: detect items
  5055 | D:7      | XOM: silly message
  5061 | D:7      | XOM: god gift: 44 gold pieces {god gift}
  5161 | D:7      | Noticed Duvessa
  5161 | D:7      | Noticed Dowan
  5181 | D:7      | Killed Duvessa
  5185 | D:7      | Killed Dowan
  5215 | D:7      | Found an ornate altar of the Wu Jian Council.
  5244 | D:7      | XOM: polymorph ice beast -> adder
  5269 | D:7      | Reached skill level 8 in Shapeshifting
  5448 | D:7      | XOM: cloud trail
  5463 | D:7      | Found a staircase to the Ecumenical Temple.
  5486 | D:7      | XOM: fog
  5489 | D:7      | XOM: swap monsters
  5500 | D:7      | XOM: confuse monster(s)
  5506 | D:7      | XOM: divination: detect creatures
  5567 | D:7      | XOM: god gift: scroll labelled WILYC PONARYZ {god gift}
  5663 | D:7      | XOM: scenery: summon butterflies
  6030 | D:8      | Reached skill level 9 in Shapeshifting
  6127 | D:8      | Noticed a polar bear
  6134 | D:8      | XOM: fog
  6139 | D:8      | Killed a polar bear
  6140 | D:8      | Reached XP level 10. HP: 41/100 MP: 9/9
  6141 | D:8      | XOM: 1-stop teleportation journey
  6583 | D:8      | Noticed Psyche
  6591 | D:8      | Noticed a two-headed ogre
  6591 | D:8      | XOM: 1-stop teleportation journey
  6600 | D:8      | Killed a two-headed ogre
  6601 | D:8      | Reached skill level 10 in Shapeshifting
  6604 | D:8      | HP: 2/150 [unseen horror simulacrum (10)]
  6606 | D:8      | Reached skill level 9 in Unarmed Combat
  6608 | D:8      | Slain by Psyche

Illustrated notes

Levels and vault maps discovered:
D:1:      heliophobic_arrival_henge, layout_loops_ring, serial_shops,
          nicolae_shop_peninsula, serial_rivers, chequers_serial_rivers_room_a,
          chequers_serial_rivers_large_a, chequers_serial_rivers_micro_a,
          chequers_serial_rivers_micro_e, nicolae_titane
D:2:      layout_loops_corners, chequers_ecumenical_altar_simple, basic_altar
D:3:      layout_basic, chequers_serial_rivers_micro_a
D:4:      layout_cave_pools, minmay_mini_ossuary, uniq_blork_the_orc
D:5:      layout_gridville
D:6:      minmay_chambers_of_sixes, layout_basic, uniq_eustachio, uniq_edmund
D:7:      layout_loops_cross, mainiacjoe_overflow_paths,
          minmay_temple_entry_large_hall, minivault_26,
          kennysheep_opposing_triangles, uniq_duvessa
D:8:      layout_basic, serial_ice, serial_ice_l, serial_ice_o, serial_ice_b,
          serial_ice_n, uniq_psyche

Skill      XL: |  1  2  3  4  5  6  7  8  9 10 |
---------------+-------------------------------+-----
Fighting       | 1 2 3 4 5 6 |  6.6
Unarmed Combat | 4 5 6 7 8 9 |  9.0
Shapeshifting  | 4 5 7 9 10 | 10.0
Dodging        | |  1.5

Action                     |  1- 3 |  4- 6 |  7- 9 | 10-12 || total
---------------------------+-------+-------+-------+-------++-------
  Melee: Unarmed           |    84 |   104 |   330 |    52 ||   570
         Punch             |       |     5 |     2 |       ||     7
    Use: Potion            |       |     5 |     4 |     1 ||    10
         Scroll            |       |       |    16 |       ||    16
   Stab: Sleeping          |       |       |     1 |     1 ||     2
 Armour: Animal skin       |    44 |    90 |    28 |       ||   162
         Skin              |       |     5 |   110 |    29 ||   144
         Robe              |       |       |    93 |       ||    93
  Dodge: Dodged            |    25 |    50 |   173 |    21 ||   269
   Form: Flux              |       |       |     3 |       ||     3
         Blade             |       |       |     2 |       ||     2
